 Dungeon Crawl Stone Soup version 0.23.2-40-g277498a001 (webtiles) character file.

Game seed: 8443386428337891726

132 FishyPogo the Grave Robber (level 4, 0/24 HPs)
             Began as a Deep Elf Necromancer on Aug 13, 2019.
             Slain by a bullfrog skeleton (5 damage)
             ... on level 3 of the Dungeon.
             The game lasted 00:18:57 (3054 turns).

FishyPogo the Grave Robber (Deep Elf Necromancer)   Turns: 3054, Time: 00:18:58

Health: 0/24       AC:  2    Str:  5    XL:     4   Next: 92%
Magic:  11/12      EV: 14    Int: 21    God:
Gold:   103        SH:  0    Dex: 15    Spells: 6/12 levels left

rFire    . . .     SeeInvis .   a - +1 dagger (pain)
rCold    . . .     Gourm    .   (no shield)
rNeg     . . .     Faith    .   h - +0 robe
rPois    .         Spirit   .   (no helmet)
rElec    .         Reflect  .   (no cloak)
rCorr    .         Harm     .   (no gloves)
MR       .....                  (no boots)
Stlth    ++........             (no amulet)
HPRegen  0.08/turn              (no ring)
MPRegen  0.13/turn              (no ring)

@: confusing touch
A: no striking features
a: no special abilities


You were on level 3 of the Dungeon.
You were not hungry.

You visited 1 branch of the dungeon, and saw 3 of its levels.

You collected 103 gold pieces.

Inventory:

Hand Weapons
 a - a +1 dagger of pain (weapon)
Missiles
 q - 2 throwing nets (quivered)
Armour
 h - a +0 robe (worn)
Scrolls
 e - 3 scrolls of remove curse
 f - a scroll of identify
 g - 3 scrolls of magic mapping
 i - a scroll of fog
 j - a scroll of immolation {unknown}
 n - a scroll of blinking
Potions
 b - 2 potions of heal wounds {unknown}
 d - a potion of haste {unknown}
 k - 2 potions of curing
 o - 2 potions of resistance {unknown}
Comestibles
 c - 2 rations
 l - 12 chunks of flesh


   Skills:
 + Level 0.0 Fighting
 + Level 0.3 Short Blades
 * Level 4.0 Dodging
 + Level 3.3 Stealth
 + Level 4.6 Spellcasting
 * Level 5.4 Necromancy


You had 6 spell levels left.
You knew the following spells:

 Your Spells              Type           Power        Failure   Level  Hunger
a - Pain                  Necr           ####         1%          1    None
c - Vampiric Draining     Necr           ####......   3%          3    ##.....
d - Animate Skeleton      Necr           N/A          1%          1    None
e - Confusing Touch       Hex            #.....       12%         1    None

Your spell library contained the following spells:

 Spells                   Type           Power        Failure   Level  Hunger
 Regeneration             Chrm/Necr      ###.......   11%         3    ##.....
 Apportation              Tloc           #.....       12%         1    None
 Summon Small Mammal      Summ           #...         12%         1    None
 Animate Dead             Necr           N/A          12%         4    ####...


Dungeon Overview and Level Annotations

Branches:
Dungeon (3/15)

Altars:
Yredelemnul


Message History

You hit the bullfrog skeleton.
The bullfrog skeleton is lightly damaged.
The bullfrog skeleton misses you.
You barely miss the bullfrog skeleton.
The bullfrog skeleton is lightly damaged.
The bullfrog skeleton hits you.
Casting: Pain (safe; 1% risk of failure)
Confirm with . or Enter, or press ? or * to list all spells.
You can't see any susceptible monsters within range! (Use Z to cast anyway.)
You hit the bullfrog skeleton.
The bullfrog skeleton is moderately damaged.
The bullfrog skeleton barely misses you.
You hit the bullfrog skeleton.
The bullfrog skeleton is moderately damaged.
The bullfrog skeleton hits you! The bullfrog skeleton hits you.
* * * LOW HITPOINT WARNING * * *
Casting: Pain (safe; 1% risk of failure)
Confirm with . or Enter, or press ? or * to list all spells.
Your hands begin to glow red.
The bullfrog skeleton hits you.
You die...

.# #>.....######### #.##.#.# .#
#.####.#######* #.##.#.# .#
#.............###*#.##....
.############.#####......#.......
.........* #.# *,,*....####....
.#######.####.####,,,,,....,..#..
.# #.........#,#,**,,..######
.##### ####.P.P..#.#,*#,**#.#####
.....# #.._..@Z.#,*#.* #......
####.# #.P.P..#...##.###.#####
#.# #......#,###*#...## # #.#
###.##(#,* ##(## # #.#
#....#,######.# ### #.#
####.#.##.....# #..
#.###########.#.##.##### #.#
#.##..<..รท))....##.# #.#
#.##.########.####.# #.#


You could see a bullfrog skeleton.

Vanquished Creatures
  3 gnolls (D:2)
  3 adders (D:2)
  An ooze (D:1)
  A worm (D:2)
  A dart slug (D:2)
  4 leopard geckos (D:1)
  8 orcs (D:3)
  2 giant cockroaches (D:1)
  5 hobgoblins
  A jackal (D:3)
  6 kobolds
  2 ball pythons
  5 bats
  2 frilled lizards (D:3)
  3 goblins
  8 rats
55 creatures vanquished.

Vanquished Creatures (collateral kills)
  An orc (D:3)
  A goblin (D:2)
  A bat (D:2)
  A frilled lizard (D:2)
  A quokka zombie (D:2)
5 creatures vanquished.

Grand Total: 60 creatures vanquished

Notes
Turn   | Place    | Note
-------+----------+-------------------------------------------
     0 | D:1      | FishyPogo the Deep Elf Necromancer began the quest for the
                  | Orb.
     0 | D:1      | Reached XP level 1. HP: 10/10 MP: 6/6
     4 | D:1      | Learned a level 1 spell: Animate Skeleton
   481 | D:1      | Reached XP level 2. HP: 12/15 MP: 4/8
   521 | D:1      | Reached skill level 5 in Necromancy
  1269 | D:2      | Reached XP level 3. HP: 17/19 MP: 6/10
  2026 | D:2      | Reached XP level 4. HP: 15/24 MP: 8/12
  2549 | D:3      | Learned a level 1 spell: Confusing Touch
  2553 | D:3      | Learned a level 3 spell: Vampiric Draining
  3036 | D:3      | Found a basalt altar of Yredelemnul.
  3054 | D:3      | Slain by a bullfrog skeleton

Skill      XL: |  1  2  3  4 |
---------------+-------------+-----
Necromancy     | 5 |  5.4
Dodging        | 3 4 |  4.0
Stealth        | 3 |  3.3
Spellcasting   | 4 |  4.6
Short Blades   | |  0.3

Action                   |  1- 3 |  4- 6 || total
-------------------------+-------+-------++-------
Melee: Unarmed           |     1 |       ||     1
       Short sword       |     2 |       ||     2
       Spear             |    10 |       ||    10
       Dagger            |       |    37 ||    37
 Cast: Pain              |    65 |    26 ||    91
       Animate Skeleton  |     7 |     3 ||    10
       Confusing Touch   |       |     4 ||     4
  Use: Scroll            |       |     6 ||     6
 Stab: Sleeping          |     3 |     1 ||     4
       Confused          |       |     1 ||     1
  Eat: Chunk             |     3 |     3 ||     6
Armor: Robe              |     6 |     6 ||    12
Dodge: Dodged            |    30 |    31 ||    61
